 Dungeon Crawl Stone Soup version 0.19.5 (webtiles) character file.

5684 tidbits the Carver (level 10, 0/68 HPs)
             Began as a High Elf Skald on Nov 9, 2017.
             Was a Priest of Cheibriados.
             Killed by vampiric draining
             ... invoked by a vampire
              (11 damage)
             ... on level 12 of the Dungeon.
             The game lasted 00:43:43 (3320 turns).

tidbits the Carver (High Elf Skald)                 Turns: 3320, Time: 00:43:44

Health: 0/68       AC:  6    Str: 19    XL:     10   Next: 47%
Magic:  5/18       EV: 19    Int: 26    God:    Cheibriados [***...]
Gold:   320        SH:  0    Dex: 28    Spells: 4 memorised, 8 levels left

rFire  . . .     SeeInvis .     a - +6 falchion (elec)
rCold  . . .     Gourm    +     F - +0 troll leather armour
rNeg   . . .     Faith    .     (no shield)
rPois  .         Spirit   .     E - +0 helmet
rElec  .         Reflect  .     (no cloak)
rCorr  .         Harm     .     G - +0 pair of gloves
MR     +....                    (no boots)
Stlth  +++.......               f - amulet of the gourmand
                                K - +3 ring of dexterity
                                s - ring of stealth

@: very slow
A: no striking features
a: Bend Time, Temporal Distortion, Renounce Religion


You were on level 12 of the Dungeon.
You worshipped Cheibriados.
Cheibriados was most pleased with you.
You were not hungry.

You visited 2 branches of the dungeon, and saw 13 of its levels.

You collected 320 gold pieces.

Inventory:

Hand Weapons
 a - a +6 falchion of electrocution (weapon)
   (You took it off Robin on level 4 of the Dungeon)
 g - a +2 dagger of draining
   (You found it on level 1 of the Dungeon)
 u - a +1 broad axe of venom
   (You found it on level 3 of the Dungeon)
 x - a +2 halberd of chopping
   (You took it off a gnoll on level 4 of the Dungeon)
 y - a +0 hunting sling
   (You took it off a goblin on level 4 of the Dungeon)
 M - a +0 long sword
   (You found it on level 7 of the Dungeon)
 O - a +0 hand crossbow
   (You found it on level 8 of the Dungeon)
Missiles
 h - 34 bolts
 j - 33 arrows
 l - 2 javelins (quivered)
 o - a throwing net {!f}
 z - 7 stones
 P - 24 sling bullets
Armour
 E - a +0 helmet (worn)
   (You took it off Robin on level 4 of the Dungeon)
 F - a +0 troll leather armour (worn)
   (You found it on level 10 of the Dungeon)
 G - a +0 pair of gloves (worn)
   (You found it on level 1 of the Dungeon)
Jewellery
 f - an amulet of the gourmand (around neck)
   (You found it on level 12 of the Dungeon)
 s - a ring of stealth (left hand)
   (You found it on level 2 of the Dungeon)
 H - an uncursed ring of ice
   (You found it on level 6 of the Dungeon)
 K - a +3 ring of dexterity (right hand)
   (You found it on level 6 of the Dungeon)
Wands
 q - a wand of random effects (6/48)
   (You found it on level 2 of the Dungeon)
 J - a wand of polymorph (13/24)
   (You took it off Dowan on level 6 of the Dungeon)
Scrolls
 b - a scroll of enchant armour {unknown}
 e - 2 scrolls of teleportation
 i - a scroll of magic mapping
 k - a scroll of enchant weapon {unknown}
 p - a scroll of fog
 r - a scroll of remove curse
 t - a scroll of blinking {unknown}
 w - 2 scrolls of amnesia
 L - 2 scrolls of torment
Potions
 v - 2 potions of flight
 N - a potion of cure mutation {unknown}
 Q - a potion of berserk rage
 R - a potion of lignification {unknown}
 U - a potion of curing
Books
 c - a book of Battle

   Spells                             Type                      Level
   a - Infusion                       Charms                       1
   b - Shroud of Golubria             Charms/Translocation         2
   c - Song of Slaying                Charms                       2
   d - Spectral Weapon                Hexes/Charms                 3
   e - Regeneration                   Charms/Necromancy            3
 T - a Young Poisoner's Handbook
   (You found it on level 8 of the Dungeon)

   Spells                             Type                      Level
   a - Sting                          Conjuration/Poison           1
   b - Mephitic Cloud                 Conjuration/Poison/Air       3
   c - Olgreb's Toxic Radiance        Poison                       4
   d - Alistair's Intoxication        Transmutation/Poison         5
   e - Venom Bolt                     Conjuration/Poison           5
Comestibles
 d - 4 bread rations
 m - 5 beef jerkies
 n - 9 slices of pizza
 A - 2 royal jellies
 D - 4 fruits
 S - a meat ration


   Skills:
 + Level 6.2 Fighting
 * Level 12.5 Long Blades
 - Level 1.0 Armour
 + Level 7.2 Dodging
 - Level 4.7 Spellcasting
 - Level 1.2 Hexes
 - Level 4.5 Charms
 - Level 1.0 Necromancy
 + Level 6.2 Invocations


You had 8 spell levels left.
You knew the following spells:

 Your Spells              Type           Power        Failure   Level  Hunger
g - Shroud of Golubria    Chrm/Tloc      ###.......   8%          2    None
r - Regeneration          Chrm/Necr      ###.......   12%         3    ##.....
w - Spectral Weapon       Hex/Chrm       ###.....     10%         3    ##.....
y - Song of Slaying       Chrm           ####....     2%          2    None


Dungeon Overview and Level Annotations

Branches:
Dungeon (12/15)            Temple (0/1) D:5             Orc (1/2) D:10
   Lair: D:8-11

Altars:
Cheibriados
Dithmenos
Makhleb
Ru
Trog
Xom

Shops:
D:6 =

Annotations:
D:3 tidbits's ghost, amateur HESk
D:4 Eustachio
D:5 Grinder
D:10 exclusion: 3 wraiths


Message History

Found a stone staircase leading down.
There is a stone staircase leading down here.
You climb downwards.
There is a stone staircase leading up here.
Found a stone staircase leading down.
There is a stone staircase leading down here.
You climb downwards.
Found a slice of pizza.
There is a stone staircase leading up here.
You see here a slice of pizza.
n - 9 slices of pizza (gained 1)
Found a lumpy brass amulet.
You see here a lumpy brass amulet.
f - a lumpy brass amulet Put on which piece of jewellery? (? for menu, Esc to quit)
You feel a craving for the dungeon's cuisine.
f - an amulet of the gourmand (around neck)
You open the door.
There is an open door here.
Found a scroll of remove curse.
A vampire comes into view.
Unknown command.
Casting: Spectral Weapon
Confirm with . or Enter, or press ? or * to list all spells.
You draw out your weapon's spirit!
The vampire casts a spell.
The vampire flickers and vanishes!
Okay, then.
Okay, then.
Search for what [Enter for "rpois", or ? for help]? sinv You hit something.
There is a sudden explosion of sparks!
Unholy energy fills the air.
You hit something. You hit something but do no damage.
Unholy energy fills the air.
You hit something. Something hits you but does no damage. Something bites you!
* * * LOW HITPOINT WARNING * * *
Something draws strength from your injuries!
You miss something. You closely miss something. Something hits you.
* * * LOW HITPOINT WARNING * * *
Something bites you!
* * * LOW HITPOINT WARNING * * *
Something draws strength from your injuries!
Okay, then.
Casting: Spectral Weapon
Confirm with . or Enter, or press ? or * to list all spells.
Your skin crawls.
Something barely misses you. Something bites you.
* * * LOW HITPOINT WARNING * * *
Something draws strength from your injuries!
Unknown command.
Okay, then.
Your troll leather armour prevents you from hitting something.
Something hits you but does no damage. Something closely misses you.
Really harm your spectral weapon?
You can feel time thicken for a moment.
Your spectral weapon fades away.
You feel somewhat more hungry.
You can no longer inflict damage on those overly hasty.
Cheibriados lowers the support of your attributes as your movement quickens.
The flow of time bends around you.
Cheibriados rebukes something.
You feel slightly more hungry.
Casting: Regeneration
Confirm with . or Enter, or press ? or * to list all spells.
You draw out your weapon's spirit!
You hear some strange, mumbled words.
Something tries to affect you, but you resist.
You miss something. You hit something but do no damage.
Something barely misses you. Something closely misses you.
You hit something but do no damage. You slash something!
Your skin is crawling a little less now.
Unholy energy fills the air.
* * * LOW HITPOINT WARNING * * *
You hit something. You completely miss something.
You hit something but do no damage. Something hits you.
* * * LOW HITPOINT WARNING * * *
Something bites you.
* * * LOW HITPOINT WARNING * * *
Something draws strength from your injuries!
You feel better.
You slash something!
You hear some strange, mumbled words.
Something tries to affect you, but you resist.
You hit something but do no damage. You hit something.
Something closely misses you. Something bites you.
* * * LOW HITPOINT WARNING * * *
Something draws strength from your injuries!
You hit something.
Your skin stops crawling.
Something hits you but does no damage. Something bites you.
* * * LOW HITPOINT WARNING * * *
Something draws strength from your injuries!
You hit something. You miss something.
Unholy energy fills the air.
* * * LOW HITPOINT WARNING * * *
You closely miss something.
Unholy energy fills the air.
You die...

##############
.............#
....?........#
.............#
......{@.....#
.......(.....#
.............######
#############.....#
#......#.....#
#......'.....#
###+####.....#####
####......##
#..#.....


You could see a friendly spectral falchion of electrocution.

Vanquished Creatures
  Harold (Orc:1)
  Pikel (D:3)
  3 trolls
  3 yaks (D:9)
  A human (D:8)
  4 hogs (D:8)
  A hungry ghost (D:7)
  A warg (D:7)
  Duvessa (D:6)
  A water moccasin (D:10)
  2 ice beasts
  A necrophage (D:9)
  3 orc warriors
  A slave (D:3)
  A phantom (D:8)
  3 ogres
  3 bullfrogs
  Dowan (D:6)
  2 scorpions
  3 wights (D:10)
  A bullfrog zombie (D:7)
  3 crimson imps
  A centaur zombie (D:5)
  A jelly (D:5)
  A centaur skeleton (D:7)
  An orc priest (D:6)
  4 hounds
  2 bullfrog skeletons
  3 iguanas
  5 orc wizards
  2 worker ants
  A killer bee zombie (D:5)
  2 hound skeletons
  Robin (D:4)
  4 adders
  10 gnolls
  A shadow imp (D:7)
  3 worms
  2 leopard geckos
  18 orcs
  A giant cockroach (D:1)
  12 goblins
  10 hobgoblins
  A jackal (D:2)
  3 quokkas
  A ball python (D:4)
  6 bats
  6 frilled lizards
  8 kobolds
  4 rats
  A spectral weapon (D:12)
156 creatures vanquished.

Vanquished Creatures (others)
  A giant cockroach (D:4)
  A goblin (D:4)
  2 spectral weapons
4 creatures vanquished.

Grand Total: 160 creatures vanquished

Notes
Turn   | Place    | Note
-------+----------+-------------------------------------------
     0 | D:1      | tidbits the High Elf Skald began the quest for the Orb.
     0 | D:1      | Reached XP level 1. HP: 14/14 MP: 4/4
    52 | D:1      | Reached skill level 1 in Armour
   131 | D:1      | Reached skill level 3 in Long Blades
   180 | D:1      | Reached XP level 2. HP: 14/19 MP: 6/6
   184 | D:1      | Learned a level 2 spell: Song of Slaying
   187 | D:1      | Learned a level 2 spell: Shroud of Golubria
   384 | D:2      | Found a snail-covered altar of Cheibriados.
   391 | D:2      | Became a worshipper of Cheibriados the Contemplative
   423 | D:2      | Reached skill level 3 in Spellcasting
   423 | D:2      | Reached XP level 3. HP: 21/24 MP: 3/8
   428 | D:2      | Learned a level 3 spell: Spectral Weapon
   589 | D:3      | Noticed tidbits's ghost (amateur HESk)
   629 | D:2      | Found a sacrificial altar of Ru.
   632 | D:2      | Reached skill level 4 in Spellcasting
   637 | D:2      | Reached XP level 4. HP: 29/29 MP: 7/11
   751 | D:2      | Learned a level 3 spell: Regeneration
   794 | D:2      | Reached * piety under Cheibriados
  1006 | D:4      | HP: 2/29 [gnoll/spear (4)]
  1008 | D:4      | Reached skill level 2 in Dodging
  1038 | D:4      | Reached XP level 5. HP: 28/34 MP: 10/13
  1044 | D:4      | Reached skill level 3 in Dodging
  1046 | D:4      | Found a bloodstained altar of Trog.
  1049 | D:4      | Noticed Eustachio
  1096 | D:4      | Noticed Robin
  1158 | D:4      | HP: 2/34 [quokka[Eustachio] (2)]
  1423 | D:4      | Noticed Pikel
  1423 | D:4      | Noticed a slave
  1423 | D:4      | Noticed a slave
  1423 | D:4      | Noticed a slave
  1424 | D:4      | Noticed a slave
  1437 | D:3      | Killed a slave
  1449 | D:3      | Killed Pikel
  1449 | D:3      | Reached skill level 6 in Invocations
  1449 | D:3      | Reached XP level 6. HP: 15/39 MP: 4/14
  1449 | D:3      | Reached XP level 7. HP: 17/45 MP: 4/15
  1506 | D:4      | Reached skill level 4 in Charms
  1530 | D:5      | Entered Level 5 of the Dungeon
  1530 | D:5      | Noticed Grinder
  1558 | D:4      | Killed Robin
  1619 | D:5      | Reached skill level 1 in Hexes
  1619 | D:5      | Reached skill level 1 in Necromancy
  1754 | D:5      | Reached skill level 4 in Long Blades
  1773 | D:5      | Found a staircase to the Ecumenical Temple.
  1809 | D:5      | Reached ** piety under Cheibriados
  1962 | D:6      | Found a shimmering altar of Xom.
  1967 | D:6      | Reached skill level 5 in Long Blades
  1967 | D:6      | Reached XP level 8. HP: 50/50 MP: 12/16
  1993 | D:6      | Found a shadowy altar of Dithmenos.
  2085 | D:6      | Found Juro's Jewellery Shoppe.
  2091 | D:6      | Reached skill level 6 in Long Blades
  2127 | D:6      | Noticed Dowan
  2158 | D:6      | Noticed Duvessa
  2161 | D:6      | Reached skill level 7 in Long Blades
  2179 | D:6      | Killed Duvessa
  2182 | D:6      | Killed Dowan
  2182 | D:6      | Reached skill level 8 in Long Blades
  2256 | D:7      | Reached skill level 4 in Dodging
  2298 | D:7      | Reached skill level 9 in Long Blades
  2301 | D:7      | Reached skill level 3 in Fighting
  2385 | D:8      | Reached XP level 9. HP: 53/57 MP: 11/17
  2483 | D:8      | Reached skill level 5 in Dodging
  2485 | D:8      | Reached skill level 4 in Fighting
  2485 | D:8      | Reached skill level 10 in Long Blades
  2490 | D:8      | Reached *** piety under Cheibriados
  2712 | D:9      | Noticed a troll
  2717 | D:9      | Killed a troll
  2740 | D:10     | Entered Level 10 of the Dungeon
  2765 | D:9      | Found a burning altar of Makhleb.
  2772 | D:9      | Reached skill level 11 in Long Blades
  2809 | D:9      | Reached skill level 6 in Dodging
  2811 | D:9      | Reached skill level 5 in Fighting
  2916 | D:10     | Found a staircase to the Orcish Mines.
  2944 | Orc:1    | Entered Level 1 of the Orcish Mines
  2944 | Orc:1    | Noticed Harold
  2954 | Orc:1    | Noticed a troll
  2960 | Orc:1    | Killed Harold
  2960 | Orc:1    | Reached XP level 10. HP: 53/66 MP: 12/18
  2968 | D:10     | Reached skill level 12 in Long Blades
  3117 | Orc:1    | Reached **** piety under Cheibriados
  3117 | Orc:1    | Reached skill level 6 in Fighting
  3117 | Orc:1    | Reached skill level 7 in Dodging
  3171 | Orc:1    | Noticed an orc warlord
  3320 | D:12     | Killed from afar by a vampire

Skill      XL: |  1  2  3  4  5  6  7  8  9 10 |
---------------+-------------------------------+-----
Armour         | 1 |  1.0
Long Blades    | 3 5 9 11 12 | 12.5
Spellcasting   | 3 4 |  4.7
Dodging        | 2 3 4 6 7 |  7.2
Invocations    | 6 |  6.2
Charms         | 4 |  4.5
Hexes          | 1 |  1.2
Necromancy     | 1 |  1.0
Fighting       | 3 5 6 |  6.2

Action                   |  1- 3 |  4- 6 |  7- 9 | 10-12 || total
-------------------------+-------+-------+-------+-------++-------
Melee: Falchion          |    27 |       |   152 |    46 ||   225
       Dagger            |    60 |   104 |    10 |       ||   174
Throw: Javelin           |       |     1 |     5 |       ||     6
 Cast: Infusion          |     4 |     1 |     1 |       ||     6
       Spectral Weapon   |     7 |    11 |    25 |     8 ||    51
       Shroud of Golubri |       |     4 |     9 |     3 ||    16
       Regeneration      |       |     4 |     6 |     5 ||    15
Invok: Bend Time         |       |     2 |     2 |     2 ||     6
       Slouch            |       |       |       |     1 ||     1
Evoke: Wand              |       |       |     3 |       ||     3
  Use: Potion            |       |     3 |       |     3 ||     6
       Scroll            |       |     2 |     4 |     4 ||    10
 Stab: Sleeping          |       |     3 |     3 |       ||     6
       Paralysed         |       |     1 |       |       ||     1
  Eat: Chunk             |       |     3 |     5 |     1 ||     9
Armor: Leather armour    |    22 |    36 |       |       ||    58
       Ring mail         |       |       |    41 |     2 ||    43
       Troll leather arm |       |       |       |     5 ||     5
Dodge: Dodged            |    47 |   117 |    79 |    42 ||   285
       Rpst.: Falchion   |     8 |       |    29 |    15 ||    52

Table legend:
 A = Turns spent in this place as a percentage of turns spent in the entire game.
 B = Non-inter-level travel turns spent in this place as a percentage of non-inter-level travel turns spent in the entire game.
 C = Inter-level travel turns spent in this place as a percentage of turns spent in this place.
 D = Turns resting spent in this place as a percentage of non-inter-level travel turns spent in this place.
 E = Turns spent auto-exploring this place as a percentage of non-inter-level travel turns spent in this place.
 F = Non-inter-level travel turns spent in this place divided by the number of levels of this place that you've seen.
                   A       B       C       D       E      F
               +-------+-------+-------+-------+-------+----------------------
         Total | 100.0 | 100.0 |   0.1 |   0.0 |   0.0 | 239.2
       Dungeon |  98.4 |  98.4 |   0.1 |   0.0 |   0.0 | 255.0
  Orcish Mines |   1.6 |   1.6 |   0.0 |   0.0 |   0.0 |  49.0
               +-------+-------+-------+-------+-------+----------------------

Table legend:
 A = Kills in this place as a percentage of kills in entire the game.
 B = Kills by you in this place as a percentage of kills by you in the entire game.
 C = Kills by friends in this place as a percentage of kills by friends in the entire game.
 D = Other kills in this place as a percentage of other kills in the entire game.
 E = Experience gained in this place as a percentage of experience gained in the entire game.
 F = Experience gained in this place divided by the number of levels of this place that you have seen.
                   A       B       C       D       E      F
               +-------+-------+-------+-------+-------+----------------------
         Total | 100.0 | 100.0 |  -nan |  -nan | 100.0 | 624.7
       Dungeon |  96.1 |  96.1 |  -nan |  -nan |  80.1 | 542.0
  Orcish Mines |   3.9 |   3.9 |  -nan |  -nan |  19.9 | 1617.0
               +-------+-------+-------+-------+-------+----------------------

Vault maps used:
D:1:      shiori_arrival_maze, minmay_cut_off
D:2:      cheibriados_altar_1, nicolae_ru_great_annihilating_truth
D:3:      uniq_natasha
D:4:      overflow_temple_1_default, small_statue_intersection, uniq_eustachio,
          uniq_crazy_yiuf_cottage, uniq_robin, uniq_pikel
D:5:      elyvilon_altar_4, minmay_temple_entry_fiery, first_bread, uniq_grinder
D:6:      old_standard_altar, serial_shops, shop_statue, basic_altar,
          uniq_duvessa
D:8:      lair_0_dummy, grunt_livestock
D:9:      makhleb_blood_cavern_becter, minmay_misc_feat_columns
D:10:     orc_0_dummy, nooodl_orcs_dogs, uniq_josephine
D:12:     serial_bayou_pond_b, guppyfry_shop_venom
Orc:1:    serial_shops, nicolae_shop_trees, abandoned_shop, uniq_harold
